Workbook

Sheet Orientações
C5: Boas-vindas à sua planilha de orçamento de gastos com casamento Rico! Estamos aqui para ajudar você a realizar este sonho de forma organizada e segura. São três abas a partir das orientações organizadas da seguinte forma: Resumo Orçamento: você poderá ver a diferença entre a previsão dos gastos e os gastos reais, além do peso dado para cada elemento. Orçamento Final: você verá os valores finais fechados com cada fornecedor. Planejamento: saiba como usar a função Meus Objetivos para realizar o seu sonho com organização e planejamento financeiro.

Sheet Resumo Orçamento
D4: Nesta aba: 1. Preencha o valor total do seu orçamento conforme apontado em laranja abaixo (coluna C) 2. Preencha a "Previsão de Gastos" (coluna C) com o valor estimado que você gostaria de gastar em cada item
B8: PREVISÃO DE ORÇAMENTO | C8: VALOR
B9: Orçamento | C9: 100000 | D9: <-- Qual seu orçamento TOTAL? Coloque o valor aqui!
B10: Real | C10: =F123 -> 0
B11: Saldo | C11: =C9-C10 -> 100000
B13: ELEMENTOS | C13: PREVISÃO DE GASTOS | F13: GASTOS REAIS | I13: DIFERENÇA
C14: VALOR | D14: % | F14: VALOR | G14: % | I14: VALOR | J14: %
B16: VESTUÁRIO | C16: =SUM(C17:C27) -> 0 | D16: =IFERROR((C16/$C$123),0) -> 0 | F16: =SUM(F17:F27) -> 0 | G16: =IFERROR((F16/$F$123),0) -> 0 | I16: =SUM(I17:I27) -> 0 | J16: =G16-D16 -> 0
B17: Vestido de noiva | C17: 0 | D17: =IFERROR((C17/$C$123),0) -> 0 | F17: 0 | G17: =IFERROR((F17/$F$123),0) -> 0 | I17: =C17-F17 -> 0 | J17: =IF(C17=0,"",(F17/C17)-1)
B18: Sapato noiva | C18: 0 | D18: =IFERROR((C18/$C$123),0) -> 0 | F18: 0 | G18: =IFERROR((F18/$F$123),0) -> 0 | I18: =C18-F18 -> 0 | J18: =IF(C18=0,"",(F18/C18)-1)
B19: Cabelo noiva | C19: 0 | D19: =IFERROR((C19/$C$123),0) -> 0 | F19: 0 | G19: =IFERROR((F19/$F$123),0) -> 0 | I19: =C19-F19 -> 0 | J19: =IF(C19=0,"",(F19/C19)-1)
B20: Maquiagem noiva | C20: 0 | D20: =IFERROR((C20/$C$123),0) -> 0 | F20: 0 | G20: =IFERROR((F20/$F$123),0) -> 0 | I20: =C20-F20 -> 0 | J20: =IF(C20=0,"",(F20/C20)-1)
B21: Acessórios noiva | C21: 0 | D21: =IFERROR((C21/$C$123),0) -> 0 | F21: 0 | G21: =IFERROR((F21/$F$123),0) -> 0 | I21: =C21-F21 -> 0 | J21: =IF(C21=0,"",(F21/C21)-1)
B22: Terno noivo | C22: 0 | D22: =IFERROR((C22/$C$123),0) -> 0 | F22: 0 | G22: =IFERROR((F22/$F$123),0) -> 0 | I22: =C22-F22 -> 0 | J22: =IF(C22=0,"",(F22/C22)-1)
B23: Sapato noivo | C23: 0 | D23: =IFERROR((C23/$C$123),0) -> 0 | F23: 0 | G23: =IFERROR((F23/$F$123),0) -> 0 | I23: =C23-F23 -> 0 | J23: =IF(C23=0,"",(F23/C23)-1)
B24: Buquê | C24: 0 | D24: =IFERROR((C24/$C$123),0) -> 0 | F24: 0 | G24: =IFERROR((F24/$F$123),0) -> 0 | I24: =C24-F24 -> 0 | J24: =IF(C24=0,"",(F24/C24)-1)
B25: Alianças e porta alianças | C25: 0 | D25: =IFERROR((C25/$C$123),0) -> 0 | F25: 0 | G25: =IFERROR((F25/$F$123),0) -> 0 | I25: =C25-F25 -> 0 | J25: =IF(C25=0,"",(F25/C25)-1)
D26: =IFERROR((C26/$C$123),0) -> 0 | G26: =IFERROR((F26/$F$123),0) -> 0 | J26: =IF(C26=0,"",(F26/C26)-1)
D27: =IFERROR((C27/$C$123),0) -> 0 | G27: =IFERROR((F27/$F$123),0) -> 0 | J27: =IF(C27=0,"",(F27/C27)-1)
B28: CERIMÔNIA | C28: =SUM(C29:C33) -> 0 | D28: =IFERROR((C28/$C$123),0) -> 0 | F28: =SUM(F29:F33) -> 0 | G28: =IFERROR((F28/$F$123),0) -> 0 | I28: =SUM(I29:I33) -> 0 | J28: =IF(C28=0,"",(F28/C28)-1)
B29: Documentação Civil | C29: 0 | D29: =IFERROR((C29/$C$123),0) -> 0 | F29: 0 | G29: =IFERROR((F29/$F$123),0) -> 0 | I29: =C29-F29 -> 0 | J29: =IF(C29=0,"",(F29/C29)-1)
B30: Celebrante | C30: 0 | D30: =IFERROR((C30/$C$123),0) -> 0 | F30: 0 | G30: =IFERROR((F30/$F$123),0) -> 0 | I30: =C30-F30 -> 0 | J30: =IF(C30=0,"",(F30/C30)-1)
B31: Espaço | C31: 0 | D31: =IFERROR((C31/$C$123),0) -> 0 | F31: 0 | G31: =IFERROR((F31/$F$123),0) -> 0 | I31: =C31-F31 -> 0 | J31: =IF(C31=0,"",(F31/C31)-1)
C32: 0 | D32: =IFERROR((C32/$C$123),0) -> 0 | F32: 0 | G32: =IFERROR((F32/$F$123),0) -> 0 | I32: =C32-F32 -> 0 | J32: =IF(C32=0,"",(F32/C32)-1)
C33: 0 | D33: =IFERROR((C33/$C$123),0) -> 0 | F33: 0 | G33: =IFERROR((F33/$F$123),0) -> 0 | I33: =C33-F33 -> 0 | J33: =IF(C33=0,"",(F33/C33)-1)
B34: FESTA | C34: =SUM(C35:C40) -> 0 | D34: =IFERROR((C34/$C$123),0) -> 0 | F34: =SUM(F35:F40) -> 0 | G34: =IFERROR((F34/$F$123),0) -> 0 | I34: =SUM(I35:I40) -> 0 | J34: =IF(C34=0,"",(F34/C34)-1)
B35: Espaço | C35: 0 | D35: =IFERROR((C35/$C$123),0) -> 0 | F35: 0 | G35: =IFERROR((F35/$F$123),0) -> 0 | I35: =C35-F35 -> 0 | J35: =IF(C35=0,"",(F35/C35)-1)
B36: Serviço de Estacionamento | C36: 0 | D36: =IFERROR((C36/$C$123),0) -> 0 | F36: 0 | G36: =IFERROR((F36/$F$123),0) -> 0 | I36: =C36-F36 -> 0 | J36: =IF(C36=0,"",(F36/C36)-1)
B37: Segurança e Limpeza | C37: 0 | D37: =IFERROR((C37/$C$123),0) -> 0 | F37: 0 | G37: =IFERROR((F37/$F$123),0) -> 0 | I37: =C37-F37 -> 0 | J37: =IF(C37=0,"",(F37/C37)-1)
B38: Gerador de Energia | C38: 0 | D38: =IFERROR((C38/$C$123),0) -> 0 | F38: 0 | G38: =IFERROR((F38/$F$123),0) -> 0 | I38: =C38-F38 -> 0 | J38: =IF(C38=0,"",(F38/C38)-1)
C39: 0 | D39: =IFERROR((C39/$C$123),0) -> 0 | F39: 0 | G39: =IFERROR((F39/$F$123),0) -> 0 | I39: =C39-F39 -> 0 | J39: =IF(C39=0,"",(F39/C39)-1)
C40: 0 | D40: =IFERROR((C40/$C$123),0) -> 0 | F40: 0 | G40: =IFERROR((F40/$F$123),0) -> 0 | I40: =C40-F40 -> 0 | J40: =IF(C40=0,"",(F40/C40)-1)
B41: PAPELARIA | C41: =SUM(C42:C51) -> 0 | D41: =IFERROR((C41/$C$123),0) -> 0 | F41: =SUM(F42:F51) -> 0 | G41: =IFERROR((F41/$F$123),0) -> 0 | I41: =SUM(I42:I51) -> 0 | J41: =IF(C41=0,"",(F41/C41)-1)
B42: Convite | C42: 0 | D42: =IFERROR((C42/$C$123),0) -> 0 | F42: 0 | G42: =IFERROR((F42/$F$123),0) -> 0 | I42: =C42-F42 -> 0 | J42: =IF(C42=0,"",(F42/C42)-1)
B43: Convite padrinhos | C43: 0 | D43: =IFERROR((C43/$C$123),0) -> 0 | F43: 0 | G43: =IFERROR((F43/$F$123),0) -> 0 | I43: =C43-F43 -> 0 | J43: =IF(C43=0,"",(F43/C43)-1)
B44: Tag | C44: 0 | D44: =IFERROR((C44/$C$123),0) -> 0 | F44: 0 | G44: =IFERROR((F44/$F$123),0) -> 0 | I44: =C44-F44 -> 0 | J44: =IF(C44=0,"",(F44/C44)-1)
B45: Caligrafia | C45: 0 | D45: =IFERROR((C45/$C$123),0) -> 0 | F45: 0 | G45: =IFERROR((F45/$F$123),0) -> 0 | I45: =C45-F45 -> 0 | J45: =IF(C45=0,"",(F45/C45)-1)
B46: Adesivo | C46: 0 | D46: =IFERROR((C46/$C$123),0) -> 0 | F46: 0 | G46: =IFERROR((F46/$F$123),0) -> 0 | I46: =C46-F46 -> 0 | J46: =IF(C46=0,"",(F46/C46)-1)
B47: Menu | C47: 0 | D47: =IFERROR((C47/$C$123),0) -> 0 | F47: 0 | G47: =IFERROR((F47/$F$123),0) -> 0 | I47: =C47-F47 -> 0 | J47: =IF(C47=0,"",(F47/C47)-1)
B48: Cartão agradecimento | C48: 0 | D48: =IFERROR((C48/$C$123),0) -> 0 | F48: 0 | G48: =IFERROR((F48/$F$123),0) -> 0 | I48: =C48-F48 -> 0 | J48: =IF(C48=0,"",(F48/C48)-1)
B49: Livro de recados | C49: 0 | D49: =IFERROR((C49/$C$123),0) -> 0 | F49: 0 | G49: =IFERROR((F49/$F$123),0) -> 0 | I49: =C49-F49 -> 0 | J49: =IF(C49=0,"",(F49/C49)-1)
C50: 0 | D50: =IFERROR((C50/$C$123),0) -> 0 | F50: 0 | G50: =IFERROR((F50/$F$123),0) -> 0 | I50: =C50-F50 -> 0 | J50: =IF(C50=0,"",(F50/C50)-1)
C51: 0 | D51: =IFERROR((C51/$C$123),0) -> 0 | F51: 0 | G51: =IFERROR((F51/$F$123),0) -> 0 | I51: =C51-F51 -> 0 | J51: =IF(C51=0,"",(F51/C51)-1)
B52: DECORAÇÃO | C52: =SUM(C53:C58) -> 0 | D52: =IFERROR((C52/$C$123),0) -> 0 | F52: =SUM(F53:F58) -> 0 | G52: =IFERROR((F52/$F$123),0) -> 0 | I52: =SUM(I53:I58) -> 0 | J52: =IF(C52=0,"",(F52/C52)-1)
B53: Decoração Cerimônia e Festa | C53: 0 | D53: =IFERROR((C53/$C$123),0) -> 0 | F53: 0 | G53: =IFERROR((F53/$F$123),0) -> 0 | I53: =C53-F53 -> 0 | J53: =IF(C53=0,"",(F53/C53)-1)
B54: Mobiliário | C54: 0 | D54: =IFERROR((C54/$C$123),0) -> 0 | F54: 0 | G54: =IFERROR((F54/$F$123),0) -> 0 | I54: =C54-F54 -> 0 | J54: =IF(C54=0,"",(F54/C54)-1)
B55: Enxoval de mesa | C55: 0 | D55: =IFERROR((C55/$C$123),0) -> 0 | F55: 0 | G55: =IFERROR((F55/$F$123),0) -> 0 | I55: =C55-F55 -> 0 | J55: =IF(C55=0,"",(F55/C55)-1)
B56: Guardanapos e Porta-Guardanapos | C56: 0 | D56: =IFERROR((C56/$C$123),0) -> 0 | F56: 0 | G56: =IFERROR((F56/$F$123),0) -> 0 | I56: =C56-F56 -> 0 | J56: =IF(C56=0,"",(F56/C56)-1)
C57: 0 | D57: =IFERROR((C57/$C$123),0) -> 0 | F57: 0 | G57: =IFERROR((F57/$F$123),0) -> 0 | I57: =C57-F57 -> 0 | J57: =IF(C57=0,"",(F57/C57)-1)
C58: 0 | D58: =IFERROR((C58/$C$123),0) -> 0 | F58: 0 | G58: =IFERROR((F58/$F$123),0) -> 0 | I58: =C58-F58 -> 0 | J58: =IF(C58=0,"",(F58/C58)-1)
B59: LEMBRANCINHA | C59: =SUM(C60:C62) -> 0 | D59: =IFERROR((C59/$C$123),0) -> 0 | F59: =SUM(F60:F62) -> 0 | G59: =IFERROR((F59/$F$123),0) -> 0 | I59: =SUM(I60:I62) -> 0 | J59: =IF(C59=0,"",(F59/C59)-1)
B60: Lembrancinha | C60: 0 | D60: =IFERROR((C60/$C$123),0) -> 0 | F60: 0 | G60: =IFERROR((F60/$F$123),0) -> 0 | I60: =C60-F60 -> 0 | J60: =IF(C60=0,"",(F60/C60)-1)
C61: 0 | D61: =IFERROR((C61/$C$123),0) -> 0 | F61: 0 | G61: =IFERROR((F61/$F$123),0) -> 0 | I61: =C61-F61 -> 0 | J61: =IF(C61=0,"",(F61/C61)-1)
C62: 0 | D62: =IFERROR((C62/$C$123),0) -> 0 | F62: 0 | G62: =IFERROR((F62/$F$123),0) -> 0 | I62: =C62-F62 -> 0 | J62: =IF(C62=0,"",(F62/C62)-1)
B63: AUDIOVISUAL | C63: =SUM(C64:C68) -> 0 | D63: =IFERROR((C63/$C$123),0) -> 0 | F63: =SUM(F64:F68) -> 0 | G63: =IFERROR((F63/$F$123),0) -> 0 | I63: =SUM(I64:I68) -> 0 | J63: =IF(C63=0,"",(F63/C63)-1)
B64: Sistema de Som | C64: 0 | D64: =IFERROR((C64/$C$123),0) -> 0 | F64: 0 | G64: =IFERROR((F64/$F$123),0) -> 0 | I64: =C64-F64 -> 0 | J64: =IF(C64=0,"",(F64/C64)-1)
B65: Sistema de Iluminação | C65: 0 | D65: =IFERROR((C65/$C$123),0) -> 0 | F65: 0 | G65: =IFERROR((F65/$F$123),0) -> 0 | I65: =C65-F65 -> 0 | J65: =IF(C65=0,"",(F65/C65)-1)
B66: Telão / Led | C66: 0 | D66: =IFERROR((C66/$C$123),0) -> 0 | F66: 0 | G66: =IFERROR((F66/$F$123),0) -> 0 | I66: =C66-F66 -> 0 | J66: =IF(C66=0,"",(F66/C66)-1)
C67: 0 | D67: =IFERROR((C67/$C$123),0) -> 0 | F67: 0 | G67: =IFERROR((F67/$F$123),0) -> 0 | I67: =C67-F67 -> 0 | J67: =IF(C67=0,"",(F67/C67)-1)
C68: 0 | D68: =IFERROR((C68/$C$123),0) -> 0 | F68: 0 | G68: =IFERROR((F68/$F$123),0) -> 0 | I68: =C68-F68 -> 0 | J68: =IF(C68=0,"",(F68/C68)-1)
B69: MÚSICA | C69: =SUM(C70:C74) -> 0 | D69: =IFERROR((C69/$C$123),0) -> 0 | F69: =SUM(F70:F74) -> 0 | G69: =IFERROR((F69/$F$123),0) -> 0 | I69: =SUM(I70:I74) -> 0 | J69: =IF(C69=0,"",(F69/C69)-1)
B70: Banda / DJ Cerimônia | C70: 0 | D70: =IFERROR((C70/$C$123),0) -> 0 | F70: 0 | G70: =IFERROR((F70/$F$123),0) -> 0 | I70: =C70-F70 -> 0 | J70: =IF(C70=0,"",(F70/C70)-1)
B71: Banda / DJ Recepção | C71: 0 | D71: =IFERROR((C71/$C$123),0) -> 0 | F71: 0 | G71: =IFERROR((F71/$F$123),0) -> 0 | I71: =C71-F71 -> 0 | J71: =IF(C71=0,"",(F71/C71)-1)
B72: Banda / DJ Recepção Festa | C72: 0 | D72: =IFERROR((C72/$C$123),0) -> 0 | F72: 0 | G72: =IFERROR((F72/$F$123),0) -> 0 | I72: =C72-F72 -> 0 | J72: =IF(C72=0,"",(F72/C72)-1)
C73: 0 | D73: =IFERROR((C73/$C$123),0) -> 0 | F73: 0 | G73: =IFERROR((F73/$F$123),0) -> 0 | I73: =C73-F73 -> 0 | J73: =IF(C73=0,"",(F73/C73)-1)
C74: 0 | D74: =IFERROR((C74/$C$123),0) -> 0 | F74: 0 | G74: =IFERROR((F74/$F$123),0) -> 0 | I74: =C74-F74 -> 0 | J74: =IF(C74=0,"",(F74/C74)-1)
B75: FOTO & VÍDEO | C75: =SUM(C76:C84) -> 0 | D75: =IFERROR((C75/$C$123),0) -> 0 | F75: =SUM(F76:F84) -> 0 | G75: =IFERROR((F75/$F$123),0) -> 0 | I75: =SUM(I76:I84) -> 0 | J75: =IF(C75=0,"",(F75/C75)-1)
B76: Ensaio | C76: 0 | D76: =IFERROR((C76/$C$123),0) -> 0 | F76: 0 | G76: =IFERROR((F76/$F$123),0) -> 0 | I76: =C76-F76 -> 0 | J76: =IF(C76=0,"",(F76/C76)-1)
B77: Foto | C77: 0 | D77: =IFERROR((C77/$C$123),0) -> 0 | F77: 0 | G77: =IFERROR((F77/$F$123),0) -> 0 | I77: =C77-F77 -> 0 | J77: =IF(C77=0,"",(F77/C77)-1)
B78: Vídeo | C78: 0 | D78: =IFERROR((C78/$C$123),0) -> 0 | F78: 0 | G78: =IFERROR((F78/$F$123),0) -> 0 | I78: =C78-F78 -> 0 | J78: =IF(C78=0,"",(F78/C78)-1)
B79: Álbum | C79: 0 | D79: =IFERROR((C79/$C$123),0) -> 0 | F79: 0 | G79: =IFERROR((F79/$F$123),0) -> 0 | I79: =C79-F79 -> 0 | J79: =IF(C79=0,"",(F79/C79)-1)
B80: Foto lembrança | C80: 0 | D80: =IFERROR((C80/$C$123),0) -> 0 | F80: 0 | G80: =IFERROR((F80/$F$123),0) -> 0 | I80: =C80-F80 -> 0 | J80: =IF(C80=0,"",(F80/C80)-1)
B81: Impressão de fotos | C81: 0 | D81: =IFERROR((C81/$C$123),0) -> 0 | F81: 0 | G81: =IFERROR((F81/$F$123),0) -> 0 | I81: =C81-F81 -> 0 | J81: =IF(C81=0,"",(F81/C81)-1)
B82: Porta retratos | C82: 0 | D82: =IFERROR((C82/$C$123),0) -> 0 | F82: 0 | G82: =IFERROR((F82/$F$123),0) -> 0 | I82: =C82-F82 -> 0 | J82: =IF(C82=0,"",(F82/C82)-1)
C83: 0 | D83: =IFERROR((C83/$C$123),0) -> 0 | F83: 0 | G83: =IFERROR((F83/$F$123),0) -> 0 | I83: =C83-F83 -> 0 | J83: =IF(C83=0,"",(F83/C83)-1)
C84: 0 | D84: =IFERROR((C84/$C$123),0) -> 0 | F84: 0 | G84: =IFERROR((F84/$F$123),0) -> 0 | I84: =C84-F84 -> 0 | J84: =IF(C84=0,"",(F84/C84)-1)
B85: BUFFET | C85: =SUM(C86:C89) -> 0 | D85: =IFERROR((C85/$C$123),0) -> 0 | F85: =SUM(F86:F89) -> 0 | G85: =IFERROR((F85/$F$123),0) -> 0 | I85: =SUM(I86:I89) -> 0 | J85: =IF(C85=0,"",(F85/C85)-1)
B86: Buffet (incluso Coquetel, Entradas, Jantar, Sobremesa e Alimentação Staff) | C86: 0 | D86: =IFERROR((C86/$C$123),0) -> 0 | F86: 0 | G86: =IFERROR((F86/$F$123),0) -> 0 | I86: =C86-F86 -> 0 | J86: =IF(C86=0,"",(F86/C86)-1)
B87: Aluguel das louças | C87: 0 | D87: =IFERROR((C87/$C$123),0) -> 0 | F87: 0 | G87: =IFERROR((F87/$F$123),0) -> 0 | I87: =C87-F87 -> 0 | J87: =IF(C87=0,"",(F87/C87)-1)
C88: 0 | D88: =IFERROR((C88/$C$123),0) -> 0 | F88: 0 | G88: =IFERROR((F88/$F$123),0) -> 0 | I88: =C88-F88 -> 0 | J88: =IF(C88=0,"",(F88/C88)-1)
C89: 0 | D89: =IFERROR((C89/$C$123),0) -> 0 | F89: 0 | G89: =IFERROR((F89/$F$123),0) -> 0 | I89: =C89-F89 -> 0 | J89: =IF(C89=0,"",(F89/C89)-1)
B90: DOCES | C90: =SUM(C91:C98) -> 0 | D90: =IFERROR((C90/$C$123),0) -> 0 | F90: =SUM(F91:F98) -> 0 | G90: =IFERROR((F90/$F$123),0) -> 0 | I90: =SUM(I91:I98) -> 0 | J90: =IF(C90=0,"",(F90/C90)-1)
B91: Bolo | C91: 0 | D91: =IFERROR((C91/$C$123),0) -> 0 | F91: 0 | G91: =IFERROR((F91/$F$123),0) -> 0 | I91: =C91-F91 -> 0 | J91: =IF(C91=0,"",(F91/C91)-1)
B92: Bem casado | C92: 0 | D92: =IFERROR((C92/$C$123),0) -> 0 | F92: 0 | G92: =IFERROR((F92/$F$123),0) -> 0 | I92: =C92-F92 -> 0 | J92: =IF(C92=0,"",(F92/C92)-1)
B93: Docinhos nobres | C93: 0 | D93: =IFERROR((C93/$C$123),0) -> 0 | F93: 0 | G93: =IFERROR((F93/$F$123),0) -> 0 | I93: =C93-F93 -> 0 | J93: =IF(C93=0,"",(F93/C93)-1)
B94: Macarons | C94: 0 | D94: =IFERROR((C94/$C$123),0) -> 0 | F94: 0 | G94: =IFERROR((F94/$F$123),0) -> 0 | I94: =C94-F94 -> 0 | J94: =IF(C94=0,"",(F94/C94)-1)
B95: Cake pop | C95: 0 | D95: =IFERROR((C95/$C$123),0) -> 0 | F95: 0 | G95: =IFERROR((F95/$F$123),0) -> 0 | I95: =C95-F95 -> 0 | J95: =IF(C95=0,"",(F95/C95)-1)
B96: Cup cakes | C96: 0 | D96: =IFERROR((C96/$C$123),0) -> 0 | F96: 0 | G96: =IFERROR((F96/$F$123),0) -> 0 | I96: =C96-F96 -> 0 | J96: =IF(C96=0,"",(F96/C96)-1)
C97: 0 | D97: =IFERROR((C97/$C$123),0) -> 0 | F97: 0 | G97: =IFERROR((F97/$F$123),0) -> 0 | I97: =C97-F97 -> 0 | J97: =IF(C97=0,"",(F97/C97)-1)
C98: 0 | D98: =IFERROR((C98/$C$123),0) -> 0 | F98: 0 | G98: =IFERROR((F98/$F$123),0) -> 0 | I98: =C98-F98 -> 0 | J98: =IF(C98=0,"",(F98/C98)-1)
B99: BEBIDAS | C99: =SUM(C100:C105) -> 0 | D99: =IFERROR((C99/$C$123),0) -> 0 | F99: =SUM(F100:F105) -> 0 | G99: =IFERROR((F99/$F$123),0) -> 0 | I99: =SUM(I100:I105) -> 0 | J99: =IF(C99=0,"",(F99/C99)-1)
B100: Serviço de Bar | C100: 0 | D100: =IFERROR((C100/$C$123),0) -> 0 | F100: 0 | G100: =IFERROR((F100/$F$123),0) -> 0 | I100: =C100-F100 -> 0 | J100: =IF(C100=0,"",(F100/C100)-1)
B101: Cerveja | C101: 0 | D101: =IFERROR((C101/$C$123),0) -> 0 | F101: 0 | G101: =IFERROR((F101/$F$123),0) -> 0 | I101: =C101-F101 -> 0 | J101: =IF(C101=0,"",(F101/C101)-1)
B102: Espumante | C102: 0 | D102: =IFERROR((C102/$C$123),0) -> 0 | F102: 0 | G102: =IFERROR((F102/$F$123),0) -> 0 | I102: =C102-F102 -> 0 | J102: =IF(C102=0,"",(F102/C102)-1)
B103: Destilados para Drinks (cachaça/vodka/saquê) | C103: 0 | D103: =IFERROR((C103/$C$123),0) -> 0 | F103: 0 | G103: =IFERROR((F103/$F$123),0) -> 0 | I103: =C103-F103 -> 0 | J103: =IF(C103=0,"",(F103/C103)-1)
C104: 0 | D104: =IFERROR((C104/$C$123),0) -> 0 | F104: 0 | G104: =IFERROR((F104/$F$123),0) -> 0 | I104: =C104-F104 -> 0 | J104: =IF(C104=0,"",(F104/C104)-1)
C105: 0 | D105: =IFERROR((C105/$C$123),0) -> 0 | F105: 0 | G105: =IFERROR((F105/$F$123),0) -> 0 | I105: =C105-F105 -> 0 | J105: =IF(C105=0,"",(F105/C105)-1)
B106: ASSESSORIA | C106: =SUM(C107:C112) -> 0 | D106: =IFERROR((C106/$C$123),0) -> 0 | F106: =SUM(F107:F112) -> 0 | G106: =IFERROR((F106/$F$123),0) -> 0 | I106: =SUM(I107:I112) -> 0 | J106: =IF(C106=0,"",(F106/C106)-1)
B107: Serviço contrato: dia ou consultoria | C107: 0 | D107: =IFERROR((C107/$C$123),0) -> 0 | F107: 0 | G107: =IFERROR((F107/$F$123),0) -> 0 | I107: =C107-F107 -> 0 | J107: =IF(C107=0,"",(F107/C107)-1)
B108: RSVP ativo | C108: 0 | D108: =IFERROR((C108/$C$123),0) -> 0 | F108: 0 | G108: =IFERROR((F108/$F$123),0) -> 0 | I108: =C108-F108 -> 0 | J108: =IF(C108=0,"",(F108/C108)-1)
...

Sheet Orçamento Final
C3: DADOS PRINCIPAIS | F3: Escreva abaixo o mês do primeiro pagamento no formato MMM-AA | H3: Nesta aba: Os valores finais preenchidos na aba de resumo vão aparecer aqui de forma automatizada, restando a você preencher as células de pagamento mensal.
C4: Data do evento: | D4: 46388
C5: N° convidados:
C6: Orçamento: | D6: ='Resumo Orçamento'!C9 -> 100000
B8: ELEMENTOS | C8: FORNECEDOR | D8: VALOR TOTAL | F8: =EDATE(G8, -1) -> 45658 | G8: =EDATE(H8, -1) -> 45689 | H8: =EDATE(I8, -1) -> 45717 | I8: =EDATE(J8, -1) -> 45748 | J8: =EDATE(K8, -1) -> 45778 | K8: =EDATE(L8, -1) -> 45809 | L8: =EDATE(M8, -1) -> 45839 | M8: =EDATE(N8, -1) -> 45870 | ... AB8: =EDATE(AC8, -1) -> 46327 | AC8: =EDATE(D4, -1) -> 46357 | AE8: TOTAL PAGO | AF8: SALDO A PAGAR
B9: TOTAL | D9: =SUM(D11,D23,D29,D36,D47,D54,D58,D64,D70,D80,D85,D94,D101,D108,D113) -> 0 | F9: =SUM(F11,F23,F29,F36,F47,F54,F58,F64,F70,F80,F85,F94,F101,F108,F113) -> 0 | G9: =SUM(G11,G23,G29,G36,G47,G54,G58,G64,G70,G80,G85,G94,G101,G108,G113) -> 0 | H9: =SUM(H11,H23,H29,H36,H47,H54,H58,H64,H70,H80,H85,H94,H101,H108,H113) -> 0 | I9: =SUM(I11,I23,I29,I36,I47,I54,I58,I64,I70,I80,I85,I94,I101,I108,I113) -> 0 | J9: =SUM(J11,J23,J29,J36,J47,J54,J58,J64,J70,J80,J85,J94,J101,J108,J113) -> 0 | K9: =SUM(K11,K23,K29,K36,K47,K54,K58,K64,K70,K80,K85,K94,K101,K108,K113) -> 0 | L9: =SUM(L11,L23,L29,L36,L47,L54,L58,L64,L70,L80,L85,L94,L101,L108,L113) -> 0 | M9: =SUM(M11,M23,M29,M36,M47,M54,M58,M64,M70,M80,M85,M94,M101,M108,M113) -> 0 | ... AC9: =SUM(AC11,AC23,AC29,AC36,AC47,AC54,AC58,AC64,AC70,AC80,AC85,AC94,AC101,AC108,AC113) -> 0 | AE9: =SUM(AE11,AE23,AE29,AE36,AE47,AE54,AE58,AE64,AE70,AE80,AE85,AE94,AE101,AE108,AE113) -> 0 | AF9: =SUM(AF11,AF23,AF29,AF36,AF47,AF54,AF58,AF64,AF70,AF80,AF85,AF94,AF101,AF108,AF113) -> 0
B11: VESTUÁRIO | D11: ='Resumo Orçamento'!F16 -> 0 | F11: =SUM(F12:F22) -> 0 | G11: =SUM(G12:G22) -> 0 | H11: =SUM(H12:H22) -> 0 | I11: =SUM(I12:I22) -> 0 | J11: =SUM(J12:J22) -> 0 | K11: =SUM(K12:K22) -> 0 | L11: =SUM(L12:L22) -> 0 | M11: =SUM(M12:M22) -> 0 | ... AC11: =SUM(AC12:AC22) -> 0 | AE11: =SUM(AE12:AE22) -> 0 | AF11: =SUM(AF12:AF22) -> 0
B12: Vestido de noiva | D12: ='Resumo Orçamento'!F17 -> 0 | AE12: =SUM(F12:AC12) -> 0 | AF12: =D12-AE12 -> 0
B13: Sapato noiva | D13: ='Resumo Orçamento'!F18 -> 0 | AE13: =SUM(F13:AC13) -> 0 | AF13: =D13-AE13 -> 0
B14: Cabelo noiva | D14: ='Resumo Orçamento'!F19 -> 0 | AE14: =SUM(F14:AC14) -> 0 | AF14: =D14-AE14 -> 0
B15: Maquiagem noiva | D15: ='Resumo Orçamento'!F20 -> 0 | AE15: =SUM(F15:AC15) -> 0 | AF15: =D15-AE15 -> 0
B16: Acessórios noiva | D16: ='Resumo Orçamento'!F21 -> 0 | AE16: =SUM(F16:AC16) -> 0 | AF16: =D16-AE16 -> 0
B17: Terno noivo | D17: ='Resumo Orçamento'!F22 -> 0 | AE17: =SUM(F17:AC17) -> 0 | AF17: =D17-AE17 -> 0
B18: Sapato noivo | D18: ='Resumo Orçamento'!F23 -> 0 | AE18: =SUM(F18:AC18) -> 0 | AF18: =D18-AE18 -> 0
B19: Buquê | D19: ='Resumo Orçamento'!F24 -> 0 | AE19: =SUM(F19:AC19) -> 0 | AF19: =D19-AE19 -> 0
B20: Alianças e porta alianças | D20: ='Resumo Orçamento'!F25 -> 0 | AE20: =SUM(F20:AC20) -> 0 | AF20: =D20-AE20 -> 0
D21: ='Resumo Orçamento'!F26 -> 0 | AE21: =SUM(F21:AC21) -> 0 | AF21: =D21-AE21 -> 0
D22: ='Resumo Orçamento'!F27 -> 0 | AE22: =SUM(F22:AC22) -> 0 | AF22: =D22-AE22 -> 0
B23: CERIMÔNIA | D23: ='Resumo Orçamento'!F28 -> 0 | F23: =SUM(F24:F28) -> 0 | G23: =SUM(G24:G28) -> 0 | H23: =SUM(H24:H28) -> 0 | I23: =SUM(I24:I28) -> 0 | J23: =SUM(J24:J28) -> 0 | K23: =SUM(K24:K28) -> 0 | L23: =SUM(L24:L28) -> 0 | M23: =SUM(M24:M28) -> 0 | ... AC23: =SUM(AC24:AC28) -> 0 | AE23: =SUM(AE24:AE28) -> 0 | AF23: =SUM(AF24:AF28) -> 0
B24: Documentação Civil | D24: ='Resumo Orçamento'!F29 -> 0 | AE24: =SUM(F24:AC24) -> 0 | AF24: =D24-AE24 -> 0
B25: Celebrante | D25: ='Resumo Orçamento'!F30 -> 0 | AE25: =SUM(F25:AC25) -> 0 | AF25: =D25-AE25 -> 0
B26: Espaço | D26: ='Resumo Orçamento'!F31 -> 0 | AE26: =SUM(F26:AC26) -> 0 | AF26: =D26-AE26 -> 0
D27: ='Resumo Orçamento'!F32 -> 0 | AE27: =SUM(F27:AC27) -> 0 | AF27: =D27-AE27 -> 0
D28: ='Resumo Orçamento'!F33 -> 0 | AE28: =SUM(F28:AC28) -> 0 | AF28: =D28-AE28 -> 0
B29: FESTA | D29: ='Resumo Orçamento'!F34 -> 0 | F29: =SUM(F30:F35) -> 0 | G29: =SUM(G30:G35) -> 0 | H29: =SUM(H30:H35) -> 0 | I29: =SUM(I30:I35) -> 0 | J29: =SUM(J30:J35) -> 0 | K29: =SUM(K30:K35) -> 0 | L29: =SUM(L30:L35) -> 0 | M29: =SUM(M30:M35) -> 0 | ... AC29: =SUM(AC30:AC35) -> 0 | AE29: =SUM(AE30:AE35) -> 0 | AF29: =SUM(AF30:AF35) -> 0
B30: Espaço | D30: ='Resumo Orçamento'!F35 -> 0 | AE30: =SUM(F30:AC30) -> 0 | AF30: =D30-AE30 -> 0
B31: Serviço de Estacionamento | D31: ='Resumo Orçamento'!F36 -> 0 | AE31: =SUM(F31:AC31) -> 0 | AF31: =D31-AE31 -> 0
B32: Segurança e Limpeza | D32: ='Resumo Orçamento'!F37 -> 0 | AE32: =SUM(F32:AC32) -> 0 | AF32: =D32-AE32 -> 0
B33: Gerador de Energia | D33: ='Resumo Orçamento'!F38 -> 0 | AE33: =SUM(F33:AC33) -> 0 | AF33: =D33-AE33 -> 0
D34: ='Resumo Orçamento'!F39 -> 0 | AE34: =SUM(F34:AC34) -> 0 | AF34: =D34-AE34 -> 0
D35: ='Resumo Orçamento'!F40 -> 0 | AE35: =SUM(F35:AC35) -> 0 | AF35: =D35-AE35 -> 0
B36: PAPELARIA | D36: ='Resumo Orçamento'!F41 -> 0 | F36: =SUM(F37:F46) -> 0 | G36: =SUM(G37:G46) -> 0 | H36: =SUM(H37:H46) -> 0 | I36: =SUM(I37:I46) -> 0 | J36: =SUM(J37:J46) -> 0 | K36: =SUM(K37:K46) -> 0 | L36: =SUM(L37:L46) -> 0 | M36: =SUM(M37:M46) -> 0 | ... AC36: =SUM(AC37:AC46) -> 0 | AE36: =SUM(AE37:AE48) -> 0 | AF36: =SUM(AF37:AF48) -> 0
B37: Convite | D37: ='Resumo Orçamento'!F42 -> 0 | AE37: =SUM(F37:AC37) -> 0 | AF37: =D37-AE37 -> 0
B38: Convite padrinhos | D38: ='Resumo Orçamento'!F43 -> 0 | AE38: =SUM(F38:AC38) -> 0 | AF38: =D38-AE38 -> 0
B39: Tag | D39: ='Resumo Orçamento'!F44 -> 0 | AE39: =SUM(F39:AC39) -> 0 | AF39: =D39-AE39 -> 0
B40: Caligrafia | D40: ='Resumo Orçamento'!F45 -> 0 | AE40: =SUM(F40:AC40) -> 0 | AF40: =D40-AE40 -> 0
B41: Adesivo | D41: ='Resumo Orçamento'!F46 -> 0 | AE41: =SUM(F41:AC41) -> 0 | AF41: =D41-AE41 -> 0
B42: Menu | D42: ='Resumo Orçamento'!F47 -> 0 | AE42: =SUM(F42:AC42) -> 0 | AF42: =D42-AE42 -> 0
B43: Cartão agradecimento | D43: ='Resumo Orçamento'!F48 -> 0 | AE43: =SUM(F43:AC43) -> 0 | AF43: =D43-AE43 -> 0
B44: Livro de recados | D44: ='Resumo Orçamento'!F49 -> 0 | AE44: =SUM(F44:AC44) -> 0 | AF44: =D44-AE44 -> 0
D45: ='Resumo Orçamento'!F50 -> 0 | AE45: =SUM(F45:AC45) -> 0 | AF45: =D45-AE45 -> 0
D46: ='Resumo Orçamento'!F51 -> 0 | AE46: =SUM(F46:AC46) -> 0 | AF46: =D46-AE46 -> 0
B47: DECORAÇÃO | D47: ='Resumo Orçamento'!F52 -> 0 | F47: =SUM(F48:F53) -> 0 | G47: =SUM(G48:G53) -> 0 | H47: =SUM(H48:H53) -> 0 | I47: =SUM(I48:I53) -> 0 | J47: =SUM(J48:J53) -> 0 | K47: =SUM(K48:K53) -> 0 | L47: =SUM(L48:L53) -> 0 | M47: =SUM(M48:M53) -> 0 | ... AC47: =SUM(AC48:AC53) -> 0 | AE47: =SUM(AE48:AE53) -> 0 | AF47: =SUM(AF48:AF53) -> 0
B48: Decoração Cerimônia e Festa | D48: ='Resumo Orçamento'!F53 -> 0 | AE48: =SUM(F48:AC48) -> 0 | AF48: =D48-AE48 -> 0
B49: Mobiliário | D49: ='Resumo Orçamento'!F54 -> 0 | AE49: =SUM(F49:AC49) -> 0 | AF49: =D49-AE49 -> 0
B50: Enxoval de mesa | D50: ='Resumo Orçamento'!F55 -> 0 | AE50: =SUM(F50:AC50) -> 0 | AF50: =D50-AE50 -> 0
B51: Guardanapos e Porta-Guardanapos | D51: ='Resumo Orçamento'!F56 -> 0 | AE51: =SUM(F51:AC51) -> 0 | AF51: =D51-AE51 -> 0
D52: ='Resumo Orçamento'!F57 -> 0 | AE52: =SUM(F52:AC52) -> 0 | AF52: =D52-AE52 -> 0
D53: ='Resumo Orçamento'!F58 -> 0 | AE53: =SUM(F53:AC53) -> 0 | AF53: =D53-AE53 -> 0
B54: LEMBRANCINHA | D54: ='Resumo Orçamento'!F59 -> 0 | F54: =SUM(F55:F57) -> 0 | G54: =SUM(G55:G57) -> 0 | H54: =SUM(H55:H57) -> 0 | I54: =SUM(I55:I57) -> 0 | J54: =SUM(J55:J57) -> 0 | K54: =SUM(K55:K57) -> 0 | L54: =SUM(L55:L57) -> 0 | M54: =SUM(M55:M57) -> 0 | ... AC54: =SUM(AC55:AC57) -> 0 | AE54: =SUM(AE55:AE57) -> 0 | AF54: =SUM(AF55:AF57) -> 0
B55: Lembrancinha | D55: ='Resumo Orçamento'!F60 -> 0 | AE55: =SUM(F55:AC55) -> 0 | AF55: =D55-AE55 -> 0
D56: ='Resumo Orçamento'!F61 -> 0 | AE56: =SUM(F56:AC56) -> 0 | AF56: =D56-AE56 -> 0
D57: ='Resumo Orçamento'!F62 -> 0 | AE57: =SUM(F57:AC57) -> 0 | AF57: =D57-AE57 -> 0
B58: AUDIOVISUAL | D58: ='Resumo Orçamento'!F63 -> 0 | F58: =SUM(F59:F63) -> 0 | G58: =SUM(G59:G63) -> 0 | H58: =SUM(H59:H63) -> 0 | I58: =SUM(I59:I63) -> 0 | J58: =SUM(J59:J63) -> 0 | K58: =SUM(K59:K63) -> 0 | L58: =SUM(L59:L63) -> 0 | M58: =SUM(M59:M63) -> 0 | ... AC58: =SUM(AC59:AC63) -> 0 | AE58: =SUM(AE59:AE63) -> 0 | AF58: =SUM(AF59:AF63) -> 0
B59: Sistema de Som | D59: ='Resumo Orçamento'!F64 -> 0 | AE59: =SUM(F59:AC59) -> 0 | AF59: =D59-AE59 -> 0
B60: Sistema de Iluminação | D60: ='Resumo Orçamento'!F65 -> 0 | AE60: =SUM(F60:AC60) -> 0 | AF60: =D60-AE60 -> 0
B61: Telão / Led | D61: ='Resumo Orçamento'!F66 -> 0 | AE61: =SUM(F61:AC61) -> 0 | AF61: =D61-AE61 -> 0
D62: ='Resumo Orçamento'!F67 -> 0 | AE62: =SUM(F62:AC62) -> 0 | AF62: =D62-AE62 -> 0
D63: ='Resumo Orçamento'!F68 -> 0 | AE63: =SUM(F63:AC63) -> 0 | AF63: =D63-AE63 -> 0
B64: MÚSICA | D64: ='Resumo Orçamento'!F69 -> 0 | F64: =SUM(F65:F69) -> 0 | G64: =SUM(G65:G69) -> 0 | H64: =SUM(H65:H69) -> 0 | I64: =SUM(I65:I69) -> 0 | J64: =SUM(J65:J69) -> 0 | K64: =SUM(K65:K69) -> 0 | L64: =SUM(L65:L69) -> 0 | M64: =SUM(M65:M69) -> 0 | ... AC64: =SUM(AC65:AC69) -> 0 | AE64: =SUM(AE65:AE69) -> 0 | AF64: =SUM(AF65:AF69) -> 0
B65: Banda / DJ Cerimônia | D65: ='Resumo Orçamento'!F70 -> 0 | AE65: =SUM(F65:AC65) -> 0 | AF65: =D65-AE65 -> 0
B66: Banda / DJ Recepção | D66: ='Resumo Orçamento'!F71 -> 0 | AE66: =SUM(F66:AC66) -> 0 | AF66: =D66-AE66 -> 0
B67: Banda / DJ Recepção Festa | D67: ='Resumo Orçamento'!F72 -> 0 | AE67: =SUM(F67:AC67) -> 0 | AF67: =D67-AE67 -> 0
D68: ='Resumo Orçamento'!F73 -> 0 | AE68: =SUM(F68:AC68) -> 0 | AF68: =D68-AE68 -> 0
D69: ='Resumo Orçamento'!F74 -> 0 | AE69: =SUM(F69:AC69) -> 0 | AF69: =D69-AE69 -> 0
B70: FOTO & VÍDEO | D70: ='Resumo Orçamento'!F75 -> 0 | F70: =SUM(F71:F79) -> 0 | G70: =SUM(G71:G79) -> 0 | H70: =SUM(H71:H79) -> 0 | I70: =SUM(I71:I79) -> 0 | J70: =SUM(J71:J79) -> 0 | K70: =SUM(K71:K79) -> 0 | L70: =SUM(L71:L79) -> 0 | M70: =SUM(M71:M79) -> 0 | ... AC70: =SUM(AC71:AC79) -> 0 | AE70: =SUM(AE71:AE79) -> 0 | AF70: =SUM(AF71:AF79) -> 0
B71: Ensaio | D71: ='Resumo Orçamento'!F76 -> 0 | AE71: =SUM(F71:AC71) -> 0 | AF71: =D71-AE71 -> 0
B72: Foto | D72: ='Resumo Orçamento'!F77 -> 0 | AE72: =SUM(F72:AC72) -> 0 | AF72: =D72-AE72 -> 0
B73: Vídeo | D73: ='Resumo Orçamento'!F78 -> 0 | AE73: =SUM(F73:AC73) -> 0 | AF73: =D73-AE73 -> 0
B74: Álbum | D74: ='Resumo Orçamento'!F79 -> 0 | AE74: =SUM(F74:AC74) -> 0 | AF74: =D74-AE74 -> 0
B75: Foto lembrança | D75: ='Resumo Orçamento'!F80 -> 0 | AE75: =SUM(F75:AC75) -> 0 | AF75: =D75-AE75 -> 0
B76: Impressão de fotos | D76: ='Resumo Orçamento'!F81 -> 0 | AE76: =SUM(F76:AC76) -> 0 | AF76: =D76-AE76 -> 0
B77: Porta retratos | D77: ='Resumo Orçamento'!F82 -> 0 | AE77: =SUM(F77:AC77) -> 0 | AF77: =D77-AE77 -> 0
D78: ='Resumo Orçamento'!F83 -> 0 | AE78: =SUM(F78:AC78) -> 0 | AF78: =D78-AE78 -> 0
D79: ='Resumo Orçamento'!F84 -> 0 | AE79: =SUM(F79:AC79) -> 0 | AF79: =D79-AE79 -> 0
B80: BUFFET | D80: ='Resumo Orçamento'!F85 -> 0 | F80: =SUM(F81:F84) -> 0 | G80: =SUM(G81:G84) -> 0 | H80: =SUM(H81:H84) -> 0 | I80: =SUM(I81:I84) -> 0 | J80: =SUM(J81:J84) -> 0 | K80: =SUM(K81:K84) -> 0 | L80: =SUM(L81:L84) -> 0 | M80: =SUM(M81:M84) -> 0 | ... AC80: =SUM(AC81:AC84) -> 0 | AE80: =SUM(AE81:AE84) -> 0 | AF80: =SUM(AF81:AF84) -> 0
B81: Buffet (incluso Coquetel, Entradas, Jantar, Sobremesa e Alimentação Staff) | D81: ='Resumo Orçamento'!F86 -> 0 | AE81: =SUM(F81:AC81) -> 0 | AF81: =D81-AE81 -> 0
B82: Aluguel das louças | D82: ='Resumo Orçamento'!F87 -> 0 | AE82: =SUM(F82:AC82) -> 0 | AF82: =D82-AE82 -> 0
D83: ='Resumo Orçamento'!F88 -> 0 | AE83: =SUM(F83:AC83) -> 0 | AF83: =D83-AE83 -> 0
D84: ='Resumo Orçamento'!F89 -> 0 | AE84: =SUM(F84:AC84) -> 0 | AF84: =D84-AE84 -> 0
B85: DOCES | D85: ='Resumo Orçamento'!F90 -> 0 | F85: =SUM(F86:F93) -> 0 | G85: =SUM(G86:G93) -> 0 | H85: =SUM(H86:H93) -> 0 | I85: =SUM(I86:I93) -> 0 | J85: =SUM(J86:J93) -> 0 | K85: =SUM(K86:K93) -> 0 | L85: =SUM(L86:L93) -> 0 | M85: =SUM(M86:M93) -> 0 | ... AC85: =SUM(AC86:AC93) -> 0 | AE85: =SUM(AE86:AE93) -> 0 | AF85: =SUM(AF86:AF93) -> 0
B86: Bolo | D86: ='Resumo Orçamento'!F91 -> 0 | AE86: =SUM(F86:AC86) -> 0 | AF86: =D86-AE86 -> 0
B87: Bem casado | D87: ='Resumo Orçamento'!F92 -> 0 | AE87: =SUM(F87:AC87) -> 0 | AF87: =D87-AE87 -> 0
B88: Docinhos nobres | D88: ='Resumo Orçamento'!F93 -> 0 | AE88: =SUM(F88:AC88) -> 0 | AF88: =D88-AE88 -> 0
B89: Macarons | D89: ='Resumo Orçamento'!F94 -> 0 | AE89: =SUM(F89:AC89) -> 0 | AF89: =D89-AE89 -> 0
B90: Cake pop | D90: ='Resumo Orçamento'!F95 -> 0 | AE90: =SUM(F90:AC90) -> 0 | AF90: =D90-AE90 -> 0
B91: Cup cakes | D91: ='Resumo Orçamento'!F96 -> 0 | AE91: =SUM(F91:AC91) -> 0 | AF91: =D91-AE91 -> 0
D92: ='Resumo Orçamento'!F97 -> 0 | AE92: =SUM(F92:AC92) -> 0 | AF92: =D92-AE92 -> 0
D93: ='Resumo Orçamento'!F98 -> 0 | AE93: =SUM(F93:AC93) -> 0 | AF93: =D93-AE93 -> 0
B94: BEBIDAS | D94: ='Resumo Orçamento'!F99 -> 0 | F94: =SUM(F95:F100) -> 0 | G94: =SUM(G95:G100) -> 0 | H94: =SUM(H95:H100) -> 0 | I94: =SUM(I95:I100) -> 0 | J94: =SUM(J95:J100) -> 0 | K94: =SUM(K95:K100) -> 0 | L94: =SUM(L95:L100) -> 0 | M94: =SUM(M95:M100) -> 0 | ... AC94: =SUM(AC95:AC100) -> 0 | AE94: =SUM(AE95:AE100) -> 0 | AF94: =SUM(AF95:AF100) -> 0
B95: Serviço de Bar | D95: ='Resumo Orçamento'!F100 -> 0 | AE95: =SUM(F95:AC95) -> 0 | AF95: =D95-AE95 -> 0
B96: Cerveja | D96: ='Resumo Orçamento'!F101 -> 0 | AE96: =SUM(F96:AC96) -> 0 | AF96: =D96-AE96 -> 0
B97: Espumante | D97: ='Resumo Orçamento'!F102 -> 0 | AE97: =SUM(F97:AC97) -> 0 | AF97: =D97-AE97 -> 0
B98: Destilados para Drinks (cachaça/vodka/saquê) | D98: ='Resumo Orçamento'!F103 -> 0 | AE98: =SUM(F98:AC98) -> 0 | AF98: =D98-AE98 -> 0
D99: ='Resumo Orçamento'!F104 -> 0 | AE99: =SUM(F99:AC99) -> 0 | AF99: =D99-AE99 -> 0
D100: ='Resumo Orçamento'!F105 -> 0 | AE100: =SUM(F100:AC100) -> 0 | AF100: =D100-AE100 -> 0
B101: ASSESSORIA | D101: ='Resumo Orçamento'!F106 -> 0 | F101: =SUM(F102:F107) -> 0 | G101: =SUM(G102:G107) -> 0 | H101: =SUM(H102:H107) -> 0 | I101: =SUM(I102:I107) -> 0 | J101: =SUM(J102:J107) -> 0 | K101: =SUM(K102:K107) -> 0 | L101: =SUM(L102:L107) -> 0 | M101: =SUM(M102:M107) -> 0 | ... AC101: =SUM(AC102:AC107) -> 0 | AE101: =SUM(AE102:AE107) -> 0 | AF101: =SUM(AF102:AF107) -> 0
B102: Serviço contrato: dia ou consultoria | D102: ='Resumo Orçamento'!F107 -> 0 | AE102: =SUM(F102:AC102) -> 0 | AF102: =D102-AE102 -> 0
B103: RSVP ativo | D103: ='Resumo Orçamento'!F108 -> 0 | AE103: =SUM(F103:AC103) -> 0 | AF103: =D103-AE103 -> 0
B104: Deslocamento equipe | D104: ='Resumo Orçamento'!F109 -> 0 | AE104: =SUM(F104:AC104) -> 0 | AF104: =D104-AE104 -> 0
...

Sheet Planejamento
B1: A partir de agora, você poderá investir de forma personalizada em diversos objetivos direto no app da Rico. Veja como é fácil!
B8: 1. Selecione ou crie um objetivo personalizado.
B23: 2. Determine o valor que você precisa para realizar o seu objetivo.
B24: No caso do planejamento do seu casamento, você pode abrir mais de um objetivo, a depender de quando você precisará resgatar o investimento para realizar o pagamento ao fornecedor.
B41: 3. Informe o valor inicial disponível para o investimento
B57: 4. Determine o prazo para alcançar o valor necessário.
B73: 5. Veja a recomendação mensal de investimento ideal para seu objetivo.
B88: 6. Confira qual o melhor produto para que você alcance o seu objetivo.
